 Dungeon Crawl Stone Soup version 0.24-a0-459-g225fefd530 (webtiles) character file.

Game seed: 5465385149769563883

18 Inarius the Chucker (level 2, -1/22 HPs)
             Began as a Demonspawn Hunter on June 29, 2019.
             Slain by a quokka (3 damage)
             ... on level 2 of the Dungeon.
             The game lasted 00:01:15 (1363 turns).

Inarius the Chucker (Demonspawn Hunter)             Turns: 1363, Time: 00:01:16

Health: -1/22      AC:  3    Str: 12    XL:     2   Next: 48%
Magic:  2/2        EV:  9    Int: 15    God:
Gold:   36         SH:  6    Dex: 13    Spells: 1/1 levels left

rFire    . . .     SeeInvis .   a - +0 short sword
rCold    . . .     Gourm    .   g - +0 shield
rNeg     . . .     Faith    .   b - +0 leather armour
rPois    .         Spirit   .   (helmet restricted)
rElec    .         Reflect  .   (no cloak)
rCorr    .         Harm     .   (no gloves)
MR       .....                  (no boots)
Stlth    +.........             (no amulet)
HPRegen  0.07/turn              i - +3 ring of intelligence
MPRegen  0.08/turn              (no ring)

@: no status effects
A: antennae 1
a: no special abilities


You were on level 2 of the Dungeon.
You were not hungry.

You visited 1 branch of the dungeon, and saw 2 of its levels.

You collected 36 gold pieces.

Inventory:

Hand Weapons
 a - a +0 short sword (weapon)
Missiles
 c - 6 javelins (quivered)
 d - 2 throwing nets
Armour
 b - a +0 leather armour (worn)
 g - a +0 shield (worn)
 k - a +0 plate armour
Jewellery
 i - a +3 ring of intelligence (left hand)
Scrolls
 e - a scroll of teleportation {unknown}
Potions
 h - a potion of resistance {unknown}
 j - a potion of flight {unknown}
Comestibles
 f - 5 rations


   Skills:
 + Level 2.1 Fighting
 + Level 1.2 Short Blades
 - Level 3.6 Throwing
 + Level 0.5 Armour
 + Level 2.1 Dodging
 + Level 0.8 Stealth


You had one spell level left.
You didn't know any spells.
Your spell library was empty.

Dungeon Overview and Level Annotations

Branches:
Dungeon (2/15)

Altars:


Innate Abilities, Weirdness & Mutations

You have a pair of small antennae on your head.


Message History

Your shield prevents you from hitting the quokka.
You block the quokka's attack.
You closely miss the quokka.
The quokka bites you but does no damage.
You miss the quokka.
The quokka bites you but does no damage.
The quokka closely misses you.
You hit the quokka but do no damage. You block the quokka's attack.
You barely miss the quokka. The quokka bites you.
You hit the quokka but do no damage. The quokka bites you.
* * * LOW HITPOINT WARNING * * *
The quokka bites you.
* * * LOW HITPOINT WARNING * * *
You barely miss the quokka.
The quokka bites you but does no damage.
You miss the quokka.
The quokka twitches its whiskers.
The quokka bites you but does no damage.
You closely miss the quokka. The quokka bites you.
You die...

#..# ##
#..# . #..#
#(#..#
#.#).#
#....# .
#.#.##
..#####.#r#
.....<#@##
#.#.#...#
#.......#
#.###.....#
#.......###
######..#
#..# #..#
#..#####


You could see a quokka.

Vanquished Creatures
  A bat (D:1)
  2 giant cockroaches (D:1)
  4 goblins (D:1)
  4 hobgoblins (D:1)
  2 kobolds (D:1)
  A rat (D:1)
14 creatures vanquished.

Notes
Turn   | Place    | Note
-------+----------+-------------------------------------------
     0 | D:1      | Inarius the Demonspawn Hunter began the quest for the Orb.
     0 | D:1      | Reached XP level 1. HP: 16/16 MP: 1/1
   314 | D:1      | Reached skill level 1 in Short Blades
   517 | D:1      | Gained mutation: You have a pair of small antennae on your
                  | head. [demonic ancestry]
   517 | D:1      | Reached XP level 2. HP: 20/22 MP: 2/2
  1363 | D:2      | Slain by a quokka

Levels and vault maps discovered:
D:1:      elethiomel_arrival_maze, layout_basic
D:2:      layout_loops_ring, old_standard_altar

Skill      XL: |  1  2 |
---------------+-------+-----
Short Blades   | 1 |  1.2
Dodging        | 2 |  2.1
Fighting       | |  2.1
Throwing       | |  3.6
Armour         | |  0.5
Stealth        | |  0.8

Action                   || total
-------------------------++-------
Melee: Short sword       ||    67
 Stab: Sleeping          ||     1
  Eat: Chunk             ||     1
Armor: Leather armour    ||    16
Dodge: Dodged            ||    34
Block: Shield            ||     5

Table legend:
 A = Non-vault XP
 B = Vault XP
 C = Vault XP percentage of total XP
 D = Non-vault monster count
 E = Vault monster count
 F = Vault count percentage of total count
                 A         B        C        D         E       F
            +---------+---------+-------+---------+---------+-------
      Total |      26 |       0 |   0.0 |      14 |       0 |   0.0
            +---------+---------+-------+---------+---------+-------
        D:1 |      26 |       0 |   0.0 |      14 |       0 |   0.0
            +---------+---------+-------+---------+---------+-------
